TOP OF THE 1ST |
St. Louis Browns batting - Pitching for Jersey Shore D-Bags : RHP Roland Martin
|
Pitching: RHP Roland Martin
|
|
Batting: RHB Pepe Carrasco
|
0-0: Ball 1-0: Foul Ball, location: 2F 1-1: Ball 2-1: Swinging Strike 2-2: Fly out, F9 (Flyball, 89D)
|
Batting: LHB Miguel Medellín
|
0-0: Ball 1-0: Swinging Strike 1-1: Called Strike 1-2: Ball 2-2: SINGLE (Flyball, 7S)
|
Batting: LHB Norberto Muñóz
|
0-0: Ball 1-0: Called Strike Miguel Medellín steals 2nd base 1-1: Ball 2-1: Ball 3-1: Foul Ball, location: 2F 3-2: Fly out, F8 (Line Drive, 8RD)
|
Batting: SHB Víctor Serrano
|
0-0: Ball 1-0: SINGLE (Groundball, 3D) Miguel Medellín to third Runner from 3rd tries for Home, SAFE, no throw
|
Batting: LHB Junior Coates
|
0-0: Called Strike 0-1: Ball 1-1: Ball 2-1: Foul Ball, location: 2F 2-2: Foul Ball, location: 2F 2-2: SINGLE (Groundball, 56D) (infield hit) Víctor Serrano to second
|
Batting: RHB José Flores
|
0-0: Ball 1-0: SINGLE (Line Drive, 56) Víctor Serrano to third Junior Coates to second
|
Batting: LHB Dave Watson
|
0-0: Fly out, F8 (Flyball, 8RD)
|
Top of the 1st over - 1 run, 4 hits, 0 errors, 3 left on base; St. Louis 1 - Jersey Shore 0 |
BOTTOM OF THE 1ST |
Jersey Shore D-Bags batting - Pitching for St. Louis Browns : LHP Ramón Ruíz
|
Pitching: LHP Ramón Ruíz
|
|
Batting: RHB Ricardo González
|
0-0: Called Strike 0-1: Ground out 5-3 (Groundball, 56)
|
Batting: RHB Francisco Sandoval
|
0-0: Ball 1-0: Ball 2-0: Swinging Strike 2-1: Called Strike 2-2: DOUBLE (Flyball, 89D)
|
Batting: RHB Ben Morton
|
0-0: Called Strike 0-1: Foul Ball, location: 2F 0-2: Strikes out swinging
|
Batting: RHB Tyler Wagner
|
0-0: Ball 1-0: Called Strike 1-1: Foul Ball, location: 2F 1-2: Ball 2-2: Ball 3-2: Strikes out swinging
|
Bottom of the 1st over - 0 runs, 1 hit, 0 errors, 1 left on base; St. Louis 1 - Jersey Shore 0 |
TOP OF THE 2ND |
St. Louis Browns batting - Pitching for Jersey Shore D-Bags : RHP Roland Martin
|
Batting: LHB Juan Vásquez
|
0-0: Ball 1-0: Ball 2-0: Called Strike 2-1: Ground out 4-3 (Groundball, 4)
|
Batting: RHB Domingo Romero
|
0-0: Called Strike 0-1: Ball 1-1: Ground out 5-3 (Groundball, 5L)
|
Batting: RHB Pepe Carrasco
|
0-0: SINGLE (Line Drive, 89S)
|
Batting: LHB Miguel Medellín
|
0-0: Ball 1-0: Ground out U3 (Groundball, 3L)
|
Top of the 2nd over - 0 runs, 1 hit, 0 errors, 1 left on base; St. Louis 1 - Jersey Shore 0 |
BOTTOM OF THE 2ND |
Jersey Shore D-Bags batting - Pitching for St. Louis Browns : LHP Ramón Ruíz
|
Batting: LHB António Cedeño
|
0-0: Swinging Strike 0-1: Ball 1-1: Swinging Strike 1-2: Strikes out looking
|
Batting: RHB Mike Ingram
|
0-0: Ground out 5-3 (Groundball, 56)
|
Batting: LHB Ray Bryant
|
0-0: Called Strike 0-1: Ball 1-1: Fly out, F8 (Flyball, 8RD)
|
Bottom of the 2nd over - 0 runs, 0 hits, 0 errors, 0 left on base; St. Louis 1 - Jersey Shore 0 |
TOP OF THE 3RD |
St. Louis Browns batting - Pitching for Jersey Shore D-Bags : RHP Roland Martin
|
Batting: LHB Norberto Muñóz
|
0-0: Fly out, F9 (Flyball, 9S)
|
Batting: SHB Víctor Serrano
|
0-0: Called Strike 0-1: Ball 1-1: Foul Ball, location: 2F 1-2: Ground out U3 (Groundball, 3L)
|
Batting: LHB Junior Coates
|
0-0: Ball 1-0: SINGLE (Groundball, 5D)
|
Batting: RHB José Flores
|
0-0: Called Strike 0-1: Ball 1-1: Ground out 6-3 (Groundball, 6M)
|
Top of the 3rd over - 0 runs, 1 hit, 0 errors, 1 left on base; St. Louis 1 - Jersey Shore 0 |
BOTTOM OF THE 3RD |
Jersey Shore D-Bags batting - Pitching for St. Louis Browns : LHP Ramón Ruíz
|
Batting: RHB Jason Erickson
|
0-0: Ground out 6-3 (Groundball, 6)
|
Batting: RHB José Pinto
|
0-0: Ball 1-0: Ground out 1-3 (Groundball, P)
|
Batting: RHB Ricardo González
|
0-0: SINGLE (Line Drive, 8LS)
|
Batting: RHB Francisco Sandoval
|
0-0: Called Strike 0-1: Ball 1-1: Ball 2-1: Ball 3-1: Foul Ball, location: 2F 3-2: 2-RUN HOME RUN (Flyball, 7LD), Distance : 362 ft
|
Batting: RHB Ben Morton
|
0-0: Called Strike 0-1: DOUBLE (Line Drive, 78XD)
|
Batting: RHB Tyler Wagner
|
0-0: Ball 1-0: Ball 2-0: Foul Ball, location: 2F 2-1: Fly out, F9 (Flyball, 9S)
|
Bottom of the 3rd over - 2 runs, 3 hits, 0 errors, 1 left on base; St. Louis 1 - Jersey Shore 2 |
TOP OF THE 4TH |
St. Louis Browns batting - Pitching for Jersey Shore D-Bags : RHP Roland Martin
|
Batting: LHB Dave Watson
|
0-0: Called Strike 0-1: Foul Ball, location: 2F 0-2: Strikes out swinging
|
Batting: LHB Juan Vásquez
|
0-0: Called Strike 0-1: DOUBLE (Line Drive, 9LM)
|
Batting: RHB Domingo Romero
|
0-0: Ball 1-0: Ground out 4-3 (Groundball, 4) Juan Vásquez to third
|
Batting: RHB Pepe Carrasco
|
0-0: Ball 1-0: Ball 2-0: Foul Ball, location: 2F 2-1: Foul Ball, location: 2F 2-2: Strikes out swinging
|
Top of the 4th over - 0 runs, 1 hit, 0 errors, 1 left on base; St. Louis 1 - Jersey Shore 2 |
BOTTOM OF THE 4TH |
Jersey Shore D-Bags batting - Pitching for St. Louis Browns : LHP Ramón Ruíz
|
Batting: LHB António Cedeño
|
0-0: Ball 1-0: Foul Ball, location: 2F 1-1: SINGLE (Flyball, 4MD)
|
Batting: RHB Mike Ingram
|
0-0: Ball 1-0: Fly out, F3 (Popup, 3)
|
Batting: LHB Ray Bryant
|
0-0: Called Strike 0-1: Foul Ball, location: 2F 0-2: Strikes out swinging
|
Batting: RHB Jason Erickson
|
0-0: Ball 1-0: Foul Ball, location: 2F 1-1: Foul Ball, location: 2F 1-2: Ball 2-2: Ball 3-2: Base on Balls António Cedeño to second
|
Batting: RHB José Pinto
|
0-0: Ball 1-0: Swinging Strike 1-1: Swinging Strike 1-2: Strikes out looking
|
Bottom of the 4th over - 0 runs, 1 hit, 0 errors, 2 left on base; St. Louis 1 - Jersey Shore 2 |
TOP OF THE 5TH |
St. Louis Browns batting - Pitching for Jersey Shore D-Bags : RHP Roland Martin
|
Batting: LHB Miguel Medellín
|
0-0: Ball 1-0: Called Strike 1-1: SINGLE (Groundball, 34S) (infield hit)
|
Batting: LHB Norberto Muñóz
|
0-0: Foul Ball, location: 2F 0-1: Ball 1-1: Ball 2-1: SINGLE (Line Drive, 9S) Miguel Medellín to second
|
Batting: SHB Víctor Serrano
|
0-0: Ball 1-0: Foul Ball, location: 2F 1-1: Ball 2-1: Grounds into double play, 5-4-3 (Groundball, 56) Miguel Medellín to third
|
Batting: LHB Junior Coates
|
0-0: Called Strike 0-1: SINGLE (Line Drive, 34D) Miguel Medellín scores
|
Batting: RHB José Flores
|
0-0: Ball 1-0: Called Strike 1-1: Swinging Strike 1-2: Strikes out swinging
|
Top of the 5th over - 1 run, 3 hits, 0 errors, 1 left on base; St. Louis 2 - Jersey Shore 2 |
BOTTOM OF THE 5TH |
Jersey Shore D-Bags batting - Pitching for St. Louis Browns : LHP Ramón Ruíz
|
Batting: RHB Ricardo González
|
0-0: Fly out, F4 (Popup, 4S)
|
Batting: RHB Francisco Sandoval
|
0-0: Ball 1-0: Swinging Strike 1-1: Ball 2-1: Foul Ball, location: 2F 2-2: Foul Ball, location: 2F 2-2: Strikes out swinging
|
Batting: RHB Ben Morton
|
0-0: Ground out 1-3 (Groundball, 13)
|
Bottom of the 5th over - 0 runs, 0 hits, 0 errors, 0 left on base; St. Louis 2 - Jersey Shore 2 |
TOP OF THE 6TH |
St. Louis Browns batting - Pitching for Jersey Shore D-Bags : RHP Roland Martin
|
Batting: LHB Dave Watson
|
0-0: Called Strike 0-1: Ball 1-1: Fly out, F8 (Flyball, 8LD)
|
Batting: LHB Juan Vásquez
|
0-0: Foul Ball, location: 2F 0-1: Ball 1-1: Ball 2-1: SINGLE (Line Drive, 7S)
|
Batting: RHB Domingo Romero
|
0-0: Ball Wild Pitch! Juan Vásquez to second 1-0: Called Strike 1-1: Ball 2-1: Ball 3-1: Called Strike 3-2: Ground out 1-3 (Groundball, 13S) Juan Vásquez to third
|
Batting: RHB Pepe Carrasco
|
0-0: Swinging Strike 0-1: Ground out 3-1 (Groundball, 34S)
|
Top of the 6th over - 0 runs, 1 hit, 0 errors, 1 left on base; St. Louis 2 - Jersey Shore 2 |
BOTTOM OF THE 6TH |
Jersey Shore D-Bags batting - Pitching for St. Louis Browns : LHP Ramón Ruíz
|
Batting: RHB Tyler Wagner
|
0-0: DOUBLE (Groundball, 5L)
|
Batting: LHB António Cedeño
|
0-0: Called Strike 0-1: Ball 1-1: Called Strike 1-2: Ball 2-2: Strikes out looking
|
Batting: RHB Mike Ingram
|
0-0: Called Strike 0-1: Ball 1-1: Foul Ball, location: 2F 1-2: SINGLE (Groundball, 56D) Tyler Wagner to third Runner from 3rd tries for Home, SAFE, no throw
|
Batting: LHB Ray Bryant
|
0-0: Ball 1-0: Ball 2-0: Ball 3-0: Called Strike 3-1: Base on Balls Mike Ingram to second
|
Batting: RHB Jason Erickson
|
0-0: Fly out, F9 (Flyball, 9LS)
|
Batting: RHB José Pinto
|
0-0: Foul Ball, location: 2F 0-1: Swinging Strike 0-2: Strikes out swinging
|
Bottom of the 6th over - 1 run, 2 hits, 0 errors, 2 left on base; St. Louis 2 - Jersey Shore 3 |
TOP OF THE 7TH |
St. Louis Browns batting - Pitching for Jersey Shore D-Bags : RHP Roland Martin
|
Batting: LHB Miguel Medellín
|
0-0: Called Strike 0-1: Swinging Strike 0-2: Ball 1-2: Foul Ball, location: 2F 1-2: Foul Ball, location: 2F 1-2: Ball 2-2: Foul Ball, location: 2F 2-2: Strikes out swinging
|
Batting: LHB Norberto Muñóz
|
0-0: Ball 1-0: SINGLE (Groundball, 34S) (infield hit)
|
Batting: SHB Víctor Serrano
|
0-0: Ball 1-0: Foul Ball, location: 2F 1-1: SINGLE (Groundball, 34D) Norberto Muñóz to second Runner from 2nd tries for 3rd, SAFE, no throw
|
Batting: LHB Junior Coates
|
0-0: Foul Ball, location: 2F 0-1: Ball 1-1: Ball 2-1: Fly out, F7 (Flyball, 7) Runner from 3rd tags up, SCORES, throw made
|
Pinch Hitting: RHB Carlos Alfaro
|
0-0: Ball 1-0: Ball 2-0: Called Strike 2-1: Ball Wild Pitch! Víctor Serrano to second 3-1: Swinging Strike 3-2: Fly out, F8 (Flyball, 8LD)
|
Top of the 7th over - 1 run, 2 hits, 0 errors, 1 left on base; St. Louis 3 - Jersey Shore 3 |
BOTTOM OF THE 7TH |
Jersey Shore D-Bags batting - Pitching for St. Louis Browns : LHP Ramón Ruíz
|
Pitching: RHP Juan Rivera
|
|
Now at 2B: Carlos Alfaro
|
|
Batting: RHB Ricardo González
|
0-0: Called Strike 0-1: Ball 1-1: SINGLE (Groundball, 4D)
|
Batting: RHB Francisco Sandoval
|
0-0: Called Strike Ricardo González steals 2nd base 0-1: Called Strike 0-2: 2-RUN HOME RUN (Flyball, 7LD), Distance : 349 ft
|
Pitching: RHP Martín Ortíz
|
|
Batting: RHB Ben Morton
|
0-0: Ball 1-0: SINGLE (Line Drive, 6MD)
|
Batting: RHB Tyler Wagner
|
0-0: Ball 1-0: Called Strike 1-1: SINGLE (Groundball, 56D) Ben Morton to second
|
Pitching: LHP Mike Graves
|
|
Batting: LHB António Cedeño
|
0-0: Ball 1-0: SINGLE (Line Drive, 4M) Ben Morton to third Tyler Wagner to second
|
Pitching: RHP Lúcio Estrada
|
|
Pinch Hitting: LHB Dave Dodd
|
0-0: Ball 1-0: Ball 2-0: Fly out, F8 (Flyball, 8LM) Runner from 3rd tags up, SCORES, throw made
|
Pitching: LHP Juan Ortíz
|
|
Batting: LHB Ray Bryant
|
0-0: Ball 1-0: Ball 2-0: Ball 3-0: Base on Balls Tyler Wagner to third António Cedeño to second
|
Pitching: LHP Terry Klassen
|
|
Batting: RHB Jason Erickson
|
0-0: Called Strike 0-1: Foul Ball, location: 2F 0-2: DOUBLE (Flyball, 8LXD) Tyler Wagner scores António Cedeño scores Ray Bryant to third Runner from 3rd tries for Home, SAFE, no throw
|
Batting: RHB José Pinto
|
0-0: Foul Ball, location: 2F 0-1: Ball 1-1: Ball 2-1: Ball 3-1: Called Strike 3-2: DOUBLE (Line Drive, 78D) Jason Erickson scores
|
Batting: RHB Ricardo González
|
0-0: Called Strike 0-1: Foul Ball, location: 2F 0-2: Ball 1-2: Ball 2-2: SINGLE (Groundball, 6MD) José Pinto to third Runner from 3rd tries for Home, SAFE, throw made home
|
Batting: RHB Francisco Sandoval
|
0-0: Ball Ricardo González steals 2nd base 1-0: Ground out 1-3 (Groundball, 13S) Ricardo González to third
|
Batting: RHB Ben Morton
|
0-0: Ball 1-0: Ball 2-0: Ground out 6-3 (Groundball, 6)
|
Bottom of the 7th over - 8 runs, 8 hits, 0 errors, 1 left on base; St. Louis 3 - Jersey Shore 11 |
TOP OF THE 8TH |
St. Louis Browns batting - Pitching for Jersey Shore D-Bags : RHP Roland Martin
|
Pitching: RHP Jorge Villalobos
|
|
Now in RF: Dave Dodd
|
|
Batting: LHB Dave Watson
|
0-0: Swinging Strike 0-1: Swinging Strike 0-2: Strikes out swinging
|
Batting: LHB Juan Vásquez
|
0-0: Ball 1-0: TRIPLE (Flyball, 8RXD)
|
Batting: RHB Domingo Romero
|
0-0: Foul Ball, location: 2F 0-1: Swinging Strike 0-2: Foul Ball, location: 2F 0-2: Strikes out looking
|
Batting: RHB Pepe Carrasco
|
0-0: Ball 1-0: SINGLE (Line Drive, 6) Juan Vásquez scores
|
Pinch Hitting: LHB Robin Hill
|
0-0: Called Strike 0-1: Ball 1-1: Swinging Strike 1-2: SINGLE (Groundball, 4D) Pepe Carrasco to second Runner from 2nd tries for 3rd, SAFE, no throw
|
Batting: LHB Norberto Muñóz
|
0-0: Called Strike 0-1: Ball 1-1: Swinging Strike 1-2: Foul Ball, location: 2F 1-2: Foul Ball, location: 2F 1-2: Ball 2-2: Foul Ball, location: 2F 2-2: Ball 3-2: Base on Balls Robin Hill to second
|
Batting: SHB Víctor Serrano
|
0-0: Foul Ball, location: 2F 0-1: Foul Ball, location: 2F 0-2: Foul Ball, location: 2F 0-2: Ball 1-2: Ball 2-2: Ball 3-2: Fly out, F8 (Flyball, 8LXD)
|
Top of the 8th over - 1 run, 3 hits, 0 errors, 3 left on base; St. Louis 4 - Jersey Shore 11 |
BOTTOM OF THE 8TH |
Jersey Shore D-Bags batting - Pitching for St. Louis Browns : LHP Terry Klassen
|
Now in CF: Robin Hill
|
|
Batting: RHB Tyler Wagner
|
0-0: Ground out 6-3 (Groundball, 6)
|
Batting: LHB António Cedeño
|
0-0: Ball 1-0: Fly out, F8 (Flyball, 89D)
|
Batting: LHB Dave Dodd
|
0-0: Swinging Strike 0-1: Swinging Strike 0-2: Ball 1-2: Fly out, F8 (Flyball, 8LD)
|
Bottom of the 8th over - 0 runs, 0 hits, 0 errors, 0 left on base; St. Louis 4 - Jersey Shore 11 |
TOP OF THE 9TH |
St. Louis Browns batting - Pitching for Jersey Shore D-Bags : RHP Andrés Rivera
|
Pitching: RHP Andrés Rivera
|
|
Batting: LHB Junior Coates
|
0-0: Fly out, F5 (Popup, 56S)
|
Batting: RHB Carlos Alfaro
|
0-0: Ball 1-0: Ball 2-0: Foul Ball, location: 2F 2-1: Fly out, F7 (Line Drive, 78D)
|
Batting: LHB Dave Watson
|
0-0: Ball 1-0: Swinging Strike 1-1: Called Strike 1-2: Ground out 4-3 (Groundball, 4)
|
Top of the 9th over - 0 runs, 0 hits, 0 errors, 0 left on base; St. Louis 4 - Jersey Shore 11 |
|